 BcadrenCrawl: Boulder Brew version 0.06-240-gf756cca71e (webtiles) character file.

Game seed: 13152064425517450909, levelgen mode: deterministic

359 gruber the Whippersnapper (level 6, 0/56 HPs) Minotaur Berserker. Began on Aug 14, 2022. Was a Believer of Trog. Slain by a gnoll ... wielding a +0 flail (5 damage) ... on level 3 of the Dungeon. The game lasted 00:04:35 (2423 turns).

gruber the Whippersnapper (Minotaur Berserker)      Turns: 2423, Time: 00:04:35

Health: 0/56       AC:  4    Str: 23    XL:     6 ^: 219
Magic:  5/5        EV: 12    Int:  9    God:    Trog [2* [63]]
Gold:   57         SH:  0    Dex: 10    Spells: 5/5 levels left

rFire    . . .     Slash    x   b - +0 flail
rCold    . . .     Pierce   .   (no weapon)
rNeg     + . .     Bludgeon .   g - +0 leather armour
rCorr    . . .     Vision   .   (helmet restricted)
rPois    .         Gourm    .   (no cloak)
rElec    .         Faith    .   (no gloves)
MR       .....     Spirit   .   l - +0 pair of boots
HPRegen  0.28/turn Reflect  .   (no amulet)
MPRegen  0.15/turn Harm     .   f - ring of intelligence Stlth +.........Rnd*Rage +
                                d - ring of positive energy

@: no status effects
A: horns, retaliatory headbutt 2, soft flesh
a: Berserk, Trog's Hand, Renounce Religion


You were on level 3 of the Dungeon.
You worshipped Trog.
Trog was pleased with you.
You were near starving.

You visited 1 branch of the dungeon, and saw 3 of its levels.

You collected 57 gold pieces.

Inventory:

Weapons
 b - a +0 flail (weapon)
Armour
 g - a +0 leather armour (worn)
 k - a +0 chain mail
 l - a +0 pair of boots (worn)
Jewellery
 a - a cursed amulet of regeneration {(Curse: rF-)}
 d - a ring of positive energy (right hand)
 f - a ring of intelligence (left hand)
Scrolls
 h - a scroll of teleportation
 i - a scroll of bless item
 j - a scroll of enchantment
Potions
 e - a potion of resistance
Comestibles
 c - 6 rations


   Skills:
 * Level 5.5 Fighting
 + Level 7.6 Whips & Flails
 - Level 2.4 Armour
 - Level 2.1 Dodging


You had 5 spell levels left.
You didn't know any spells.
Your spell library was empty.

Dungeon Overview and Level Annotations

Branches:
Dungeon (3/8)

Altars:


Innate Abilities, Weirdness & Mutations

You reflexively attack those that strike you in melee with your horns.
Your soft flesh is weak to deep cuts.
Heavy manmade armour will nullify this weakness. (rSlashing-)
You frequently lose your temper in combat.
This godly rage surpasses even clarity. (*Rage)


Message History

The hound bites you (2). The hound bites you but does no damage.
You barely miss the hound. You hit the hound but do no damage.
The hound is heavily wounded. (7/17) HP The hound bites you (2).
You thump the hound (9)!
You kill the hound!
Trog accepts your kill. The gnoll blocks your attack.
You hit the gnoll (2).
The gnoll is lightly wounded. (10/12) HP The gnoll hits you with a +0 flail (4).
You hit the gnoll (4). You hit the gnoll (1). The gnoll blocks your attack.
The gnoll is heavily wounded. (5/12) HP The gnoll hits you from afar with a +0 halberd (19)!!
You are lacerated severely!
The gnoll hits you with a +0 flail (3). The gnoll blocks your attack.
You hit the gnoll (1).
The gnoll is severely wounded. (4/12) HP The gnoll hits you from afar with a +0 halberd (16)!
You are lacerated severely!
* * * LOW HITPOINT WARNING * * *
The gnoll hits you with a +0 flail (5).
You die...

#.# #.# #.# #.# #.# #.#
#.#
###+############.######
[.........ggg@........#
##....##########.#.####
#.h. #.#.# #.g #.#.#
.g. #...# ## #####


You could see 3 gnolls.

Vanquished Creatures
  4 jellies (D:2)
  A hound (D:3)
  3 giant cockroaches (D:2)
  An adder (D:2)
  7 sewer rats (D:2)
  A worm (D:2)
  7 cinder newts
  A bullfrog (D:2)
  2 oozes
  2 dart slugs (D:1)
  2 leopard geckos (D:2)
  An adder skeleton (D:2)
  A ball python (D:1)
  A cinder newt skeleton (D:2)
  7 hobgoblins (D:1)
  6 bats
  A kobold (D:1)
  2 rat skeletons (D:2)
  2 withered plants (D:2)
52 creatures vanquished.

Vanquished Creatures (others)
  A rat (D:2)
  A giant blowfly (D:2)
  98 withered plants (D:2)
100 creatures vanquished.

Grand Total: 152 creatures vanquished

Notes
Turn   | Place    | Note
-------+----------+-------------------------------------------
     0 | D:1      | gruber the Minotaur Berserker began the quest for the Orb.
     0 | D:1      | Reached XP level 1. HP: 19/19 MP: 0/0
    75 | D:1      | Reached skill level 4 in Whips & Flails
   110 | D:1      | Reached XP level 2. HP: 12/26 MP: 1/1
   192 | D:1      | Reached skill level 5 in Whips & Flails
   192 | D:1      | Reached XP level 3. HP: 10/31 MP: 2/2
   788 | D:2      | Received a gift from Trog
   788 | D:2      | Reached skill level 6 in Whips & Flails
   788 | D:2      | Reached XP level 4. HP: 18/39 MP: 3/3
  1073 | D:2      | Reached XP level 5. HP: 30/46 MP: 4/4
  1156 | D:2      | Reached ** piety under Trog
  1162 | D:2      | Reached skill level 7 in Whips & Flails
  1177 | D:2      | HP: 2/47 [sewer rat (4)]
  1179 | D:2      | Reached skill level 5 in Fighting
  1653 | D:2      | Reached XP level 6. HP: 34/56 MP: 5/5
  2423 | D:3      | Slain by a gnoll

Levels and vault maps discovered:
D:1:      saegor_arrival_miasma, layout_cave_pools, first_ration
D:2:      layout_sewer
D:3:      layout_basic, lemuel_coloured_pillars_altar, uniq_eustachio

Skill      XL: |  1  2  3  4  5 |
---------------+----------------+-----
Whips & Flails | 4 5 6 7 |  7.6
Fighting       | 4 5 |  5.5
Armour         | |  2.4
Dodging        | |  2.1

Action                   |  1- 3 |  4- 6 || total
-------------------------+-------+-------++-------
Melee: Whip              |    50 |     1 ||    51
       Unarmed           |    37 |    47 ||    84
       Headbutt          |     8 |    10 ||    18
       Flail             |       |    62 ||    62
Invok: Berserk           |     1 |       ||     1
  Eat: Chunk             |     1 |     4 ||     5
Armor: Animal skin       |     4 |       ||     4
       Leather armour    |     7 |    17 ||    24
Dodge: Dodged            |    14 |    14 ||    28
